[Event "ICC tourney 3341 (40 10)"]
[Site "Internet Chess Club"]
[Date "2023.12.09"]
[Round "1"]
[White "Ryerson, Olivia:oliviaryerson"]
[Black "Senthil, Aakash:cricketking"]
[Result "1-0"]
[ICCResult "Black checkmated"]
[WhiteElo "1361"]
[BlackElo "1064"]
[Opening "Queen's pawn: London system"]
[ECO "A45"]
[NIC "QP.07"]
[Time "11:02:13"]
[PlyCount "59"]
[TimeControl "2400+10"]

1. d4 Nf6 2. Bf4 d5 3. e3 g6 4. Nd2 Bg7 5. Ngf3 O-O 6. c3 Bf5 7. Be2 Nc6 8.
Ne5 Nxe5 9. Bxe5 Ne4 10. Bf4 Re8 11. Nxe4 Bxe4 12. Bf3 Bxf3 13. Qxf3 e5 14.
dxe5 Bxe5 15. O-O-O Bxf4 16. exf4 c6 17. h4 b5 18. h5 a5 19. hxg6 fxg6 20.
Rh6 Qf6 21. Rdh1 Ra7 22. f5 Qg5+ 23. Kd1 Rf8 24. Qh3 Qxf5 25. Rxh7 Qb1+ 26.
Ke2 Qxb2+ 27. Kd3 Rxf2 28. Qc8+ Rf8 29. Rh8+ Kg7 30. Qxf8# {Black
checkmated} 1-0

[Event "ICC tourney 3341 (40 10)"]
[Site "Internet Chess Club"]
[Date "2023.12.09"]
[Round "1"]
[White "GAW, ZACHARY:zman-g"]
[Black "TRIPATHY, SIDDHARTH KESHAV:Sid907"]
[Result "0-1"]
[ICCResult "White checkmated"]
[WhiteElo "1169"]
[BlackElo "1475"]
[Opening "Sicilian: Najdorf, Opocensky variation"]
[ECO "B92"]
[NIC "SI.10"]
[Time "11:00:45"]
[PlyCount "106"]
[TimeControl "2400+10"]

1. e4 c5 2. Nf3 d6 3. d4 cxd4 4. Nxd4 Nf6 5. Nc3 a6 6. Be2 Bd7 7. Be3 Nc6 8.
Qd2 Nxd4 9. Qxd4 e6 10. Qb6 Qxb6 11. Bxb6 Be7 12. Rd1 Rc8 13. Be3 O-O 14.
O-O b5 15. a3 Rc7 16. Rd2 Rfc8 17. Rfd1 Rxc3 18. bxc3 Nxe4 19. Rd3 Nxc3 20.
R1d2 Ne4 21. Rd1 Rxc2 22. Bf3 Nc5 23. Bxc5 Rxc5 24. Bb7 Bc8 25. Be4 d5 26.
Bf3 Bb7 27. Kf1 Kf8 28. Ke2 Rc4 29. Kd2 Ke8 30. Rc1 Bg5+ 31. Re3 Bxe3+ 32.
fxe3 Rxc1 33. Kxc1 f6 34. Kd2 Ke7 35. Kd3 e5 36. Kc3 a5 37. g3 Kd6 38. Kb3
Kc5 39. Kc3 d4+ 40. exd4+ exd4+ 41. Kd3 Bxf3 42. h4 b4 43. axb4+ axb4 44.
Kd2 b3 45. Kd3 Bg4 46. Kd2 Bf5 47. Kc1 Kc4 48. Kb2 d3 49. Kc1 b2+ 50. Kxb2
d2 51. Ka3 d1=Q 52. Ka2 Qb3+ 53. Ka1 Qa3# {White checkmated} 0-1

[Event "ICC tourney 3341 (40 10)"]
[Site "Internet Chess Club"]
[Date "2023.12.09"]
[Round "1"]
[White "WU, TERRAIN:Brainstormer"]
[Black "Dhanasekaran, Neha:SplashDolphin"]
[Result "1-0"]
[ICCResult "Black checkmated"]
[WhiteElo "1449"]
[BlackElo "1066"]
[Opening "English opening"]
[ECO "A20"]
[NIC "EO.24"]
[Time "11:00:54"]
[PlyCount "123"]
[TimeControl "2400+10"]

1. c4 e5 2. g3 Nf6 3. Bg2 d5 4. cxd5 Nxd5 5. Nc3 Nf6 6. d3 h6 7. Nf3 Nc6 8.
O-O Bc5 9. Na4 Bd6 10. Qb3 O-O 11. e4 Bg4 12. Be3 Rb8 13. Nc3 Qd7 14. Rad1
Nd4 15. Bxd4 exd4 16. Ne2 Bc5 17. Nf4 g5 18. Ng6 Rfe8 19. Qc4 b6 20. Nge5
Qe6 21. Nxg4 Nxg4 22. Qxe6 Rxe6 23. Bh3 h5 24. Nxg5 Rg6 25. Nf3 Rf8 26. Nh4
Rc6 27. Nf5 Nh6 28. Nh4 Be7 29. Nf3 Rc2 30. Rb1 Bc5 31. Ne5 f5 32. exf5 Nxf5
33. a3 Nh6 34. Be6+ Kh7 35. Nd7 Rf3 36. Ne5 Rf6 37. Bd5 Rf5 38. Be4 Kg7 39.
Bxf5 Nxf5 40. Rfc1 Rd2 41. b4 Bd6 42. Re1 Ne7 43. Rb3 Ng6 44. Nc4 Be7 45.
Kg2 h4 46. Kf3 hxg3 47. hxg3 Bf6 48. Nxd2 Ne5+ 49. Kg2 a5 50. bxa5 bxa5 51.
Nf3 a4 52. Rb7 Nxd3 53. Rd1 Ne5 54. Nxd4 Nc4 55. Rxc7+ Kg6 56. Rxc4 Be7 57.
Rxa4 Bf6 58. Rc4 Kh7 59. a4 Bxd4 60. Rdxd4 Kh8 61. Rd7 Kg8 62. Rc8#
{Black checkmated}
1-0

[Event "ICC tourney 3341 (40 10)"]
[Site "Internet Chess Club"]
[Date "2023.12.09"]
[Round "1"]
[White "Bronshtein, Marc:MarcBronshtein"]
[Black "SANGAL LOPEZ, DEV:devsl"]
[Result "1-0"]
[ICCResult "Black checkmated"]
[WhiteElo "1497"]
[BlackElo "1191"]
[Opening "QGD: exchange, positional line"]
[ECO "D35"]
[NIC "QO.16"]
[Time "11:00:46"]
[PlyCount "183"]
[TimeControl "2400+10"]

1. d4 d5 2. c4 e6 3. Nc3 Nf6 4. cxd5 exd5 5. Bg5 Be7 6. Qc2 h6 7. Bh4 c6 8.
e3 Nbd7 9. Bd3 b6 10. Nge2 c5 11. dxc5 Nxc5 12. Bb5+ Bd7 13. Bxd7+ Qxd7 14.
Rd1 Rd8 15. Bxf6 Bxf6 16. Nxd5 Qc6 17. Nxf6+ Qxf6 18. Rxd8+ Qxd8 19. O-O O-O
20. Rd1 Qe7 21. Nf4 Rd8 22. Rd2 Ne4 23. Rxd8+ Qxd8 24. f3 Qd2 25. Qxd2 Nxd2
26. b3 Nb1 27. Nd5 Na3 28. Kf2 Kf8 29. e4 Nc2 30. Ke2 Nd4+ 31. Kd3 Nc6 32.
Kc4 Ke8 33. Nb4 Nb8 34. Kd5 Kd7 35. Nd3 f6 36. e5 Nc6 37. exf6 gxf6 38. f4
Ne7+ 39. Ke4 Kd6 40. f5 Nd5 41. Kd4 h5 42. g3 Ne7 43. Ke4 Nd5 44. Nf4 Nc3+
45. Kd4 Nb5+ 46. Kc4 Na3+ 47. Kb4 Nc2+ 48. Kc3 Ne3 49. h3 Nxf5 50. Nxh5 Ke5
51. Kb4 Nd6 52. a4 a5+ 53. Kc3 Nf5 54. Kd3 Nd6 55. Nf4 Ne4 56. Ng6+ Kd5 57.
Ne7+ Ke5 58. Nc6+ Kd5 59. Ne7+ Ke5 60. Nc8 Nxg3 61. Nxb6 Ne4 62. Nc4+ Kd5
63. Ke3 Ng3 64. Nxa5 Kc5 65. Kf4 Nh5+ 66. Kg4 Ng7 67. Nc4 Ne6 68. Kf5 Nd4+
69. Kxf6 Nxb3 70. a5 Nd4 71. a6 Nc6 72. Ne5 Na7 73. h4 Kb6 74. h5 Nb5 75. h6
Nd6 76. h7 Kxa6 77. h8=Q Nb7 78. Qa8+ Kb6 79. Nc4+ Kc7 80. Qa7 Kc8 81. Ke6
Nd8+ 82. Kd6 Nb7+ 83. Kc6 Nd8+ 84. Kb6 Ne6 85. Nd6+ Kd8 86. Nb7+ Ke8 87.
Qb8+ Ke7 88. Qd6+ Kf7 89. Nd8+ Ke8 90. Qxe6+ Kxd8 91. Qf7 Kc8 92. Qc7#
{Black checkmated}
1-0

[Event "ICC tourney 3341 (40 10)"]
[Site "Internet Chess Club"]
[Date "2023.12.09"]
[Round "1"]
[White "GAW, CHRISTIAN:cman-g"]
[Black "Hamlett, James Morrison:Hamlett144"]
[Result "0-1"]
[ICCResult "White checkmated"]
[WhiteElo "1065"]
[BlackElo "1405"]
[Opening "French: exchange variation"]
[ECO "C01"]
[NIC "FR.01"]
[Time "11:01:01"]
[PlyCount "54"]
[TimeControl "2400+10"]

1. e4 e6 2. d4 d5 3. exd5 exd5 4. Nf3 Bd6 5. Bd3 Nf6 6. O-O Bg4 7. Re1+ Be6
8. Ng5 Qd7 9. Nxe6 fxe6 10. Bf5 Ne4 11. Bxe4 dxe4 12. Rxe4 O-O 13. Be3 Nc6
14. Qg4 Rae8 15. a3 Rf6 16. d5 Ne5 17. Qh3 Qb5 18. b3 Qe2 19. Nd2 exd5 20.
Rh4 d4 21. Rxd4 Ng6 22. g3 Rxe3 23. Qc8+ Rf8 24. Qxb7 Qxf2+ 25. Kh1 Re2 26.
Qd5+ Kh8 27. Qh5 Qg2# {White checkmated} 0-1

[Event "ICC tourney 3341 (40 10)"]
[Site "Internet Chess Club"]
[Date "2023.12.09"]
[Round "2"]
[White "WU, TERRAIN:Brainstormer"]
[Black "Bronshtein, Marc:MarcBronshtein"]
[Result "0-1"]
[ICCResult "White checkmated"]
[WhiteElo "1449"]
[BlackElo "1497"]
[Opening "English opening"]
[ECO "A13"]
[NIC "EO.64"]
[Time "13:15:54"]
[PlyCount "68"]
[TimeControl "2400+10"]

1. c4 e6 2. g3 d5 3. Bg2 c6 4. d4 dxc4 5. Nc3 Bb4 6. Nf3 b5 7. O-O Bb7 8. a3
Bxc3 9. bxc3 Ne7 10. Qc2 O-O 11. Bf4 Nd5 12. Bg5 Qa5 13. Bd2 Nd7 14. e4 N5f6
15. e5 Nd5 16. Ng5 g6 17. Ne4 c5 18. dxc5 Qc7 19. Bh6 Rfb8 20. Rab1 a6 21.
Qd2 Nxc5 22. Nf6+ Nxf6 23. exf6 Bxg2 24. Kxg2 Qc6+ 25. Kg1 Rd8 26. Qf4 Rd3
27. Bg7 Rxc3 28. Qh6 e5 29. Bh8 Ne6 30. Bg7 Nd4 31. Rb2 Nf3+ 32. Kg2 Ne1+
33. Kh3 Qc8+ 34. Kh4 Nf3# {White checkmated} 0-1

[Event "ICC tourney 3341 (40 10)"]
[Site "Internet Chess Club"]
[Date "2023.12.09"]
[Round "2"]
[White "SANGAL LOPEZ, DEV:devsl"]
[Black "GAW, CHRISTIAN:cman-g"]
[Result "0-1"]
[ICCResult "White checkmated"]
[WhiteElo "1191"]
[BlackElo "1065"]
[Opening "Scotch gambit: Dubois-Réti defense"]
[ECO "C55"]
[NIC "KP.02"]
[Time "13:15:46"]
[PlyCount "186"]
[TimeControl "2400+10"]

1. e4 e5 2. Nf3 Nc6 3. d4 exd4 4. Bc4 Nf6 5. e5 d5 6. exf6 dxc4 7. Qe2+ Be6
8. Bg5 g6 9. O-O Qd7 10. Rd1 O-O-O 11. Ne5 Nxe5 12. Qxe5 Bd6 13. Qe4 Bf5 14.
Qe2 Be6 15. Kh1 Qb5 16. Bc1 Qe5 17. Qxe5 Bxe5 18. Nd2 Bxf6 19. Ne4 Be5 20.
Bg5 Rd5 21. Nf6 Bxf6 22. Bxf6 Re8 23. Rxd4 Rxd4 24. Bxd4 Bf5 25. c3 Re2 26.
b3 cxb3 27. axb3 a6 28. h3 Kd7 29. Rd1 Bc2 30. Rc1 Bxb3 31. Rb1 Bd5 32. Rd1
c6 33. Rb1 b5 34. Ra1 Ra2 35. Rxa2 Bxa2 36. Kg1 Kd6 37. Bg7 a5 38. Kf1 a4
39. Ke1 Bb3 40. Kd2 Kd5 41. Bf8 c5 42. Kc1 Kc4 43. Kb2 b4 44. cxb4 Kxb4 45.
g3 Kc4 46. h4 Kd5 47. f3 c4 48. Kc3 f5 49. Be7 h5 50. Bf8 Bd1 51. f4 Ke4 52.
Kd2 Bb3 53. Ke2 c3 54. Bg7 c2 55. Bb2 Bc4+ 56. Kd2 Kf3 57. Bf6 Kxg3 58. Bg5
Bb3 59. Kc1 a3 60. Kd2 a2 61. Bf6 Kxf4 62. Kc1 Kg4 63. Kd2 f4 64. Bd4 f3 65.
Bb2 f2 66. Ke2 Kxh4 67. Kxf2 g5 68. Kg2 g4 69. Kf2 c1=Q 70. Bxc1 a1=Q 71.
Bf4 Qf6 72. Ke3 Qxf4+ 73. Kxf4 g3 74. Kf3 Kh3 75. Ke2 g2 76. Kf2 Kh2 77. Kf3
g1=Q 78. Kf4 Qg4+ 79. Ke3 Bd1 80. Kd3 Qe2+ 81. Kd4 Bb3 82. Kc3 h4 83. Kd4
Kg2 84. Kc3 Kf3 85. Kd4 Kf4 86. Kc3 Ke3 87. Kb4 Kd4 88. Ka3 Kc5 89. Kxb3
Qd3+ 90. Kb2 Kb4 91. Ka1 Qd2 92. Kb1 Kb3 93. Ka1 Qc1# {White checkmated} 0-1

[Event "ICC tourney 3341 (40 10)"]
[Site "Internet Chess Club"]
[Date "2023.12.09"]
[Round "2"]
[White "Dhanasekaran, Neha:SplashDolphin"]
[Black "GAW, ZACHARY:zman-g"]
[Result "1-0"]
[ICCResult "Black checkmated"]
[WhiteElo "1066"]
[BlackElo "1169"]
[Opening "Ruy Lopez: Graz variation"]
[ECO "C70"]
[NIC "RL.09"]
[Time "13:16:03"]
[PlyCount "59"]
[TimeControl "2400+10"]

1. e4 e5 2. Nf3 Nc6 3. Bb5 a6 4. Ba4 b5 5. Bb3 Bc5 6. c3 Nf6 7. d4 exd4 8.
cxd4 Bb4+ 9. Bd2 Bxd2+ 10. Nbxd2 O-O 11. O-O d5 12. e5 Ne4 13. h3 Nxd2 14.
Qxd2 Ne7 15. Rac1 Bb7 16. Rc2 Rc8 17. Rfc1 Qd7 18. Qf4 Ng6 19. Qg3 a5 20. e6
fxe6 21. Rxc7 Rxc7 22. Rxc7 Qd8 23. Rxb7 a4 24. Bc2 Qc8 25. Rc7 Qb8 26. Bxg6
hxg6 27. Ng5 Qe8 28. Qh4 Rf7 29. Qh7+ Kf8 30. Qh8# {Black checkmated} 1-0

[Event "ICC tourney 3341 (40 10)"]
[Site "Internet Chess Club"]
[Date "2023.12.09"]
[Round "2"]
[White "TRIPATHY, SIDDHARTH KESHAV:Sid907"]
[Black "Ryerson, Olivia:oliviaryerson"]
[Result "1/2-1/2"]
[ICCResult "Game drawn by mutual agreement"]
[WhiteElo "1475"]
[BlackElo "1361"]
[Opening "Nimzo-Indian: three knights variation"]
[ECO "E21"]
[NIC "NI.28"]
[Time "13:15:48"]
[PlyCount "123"]
[TimeControl "2400+10"]

1. d4 Nf6 2. c4 e6 3. Nc3 Bb4 4. Nf3 Bxc3+ 5. bxc3 c5 6. Bg5 h6 7. Bd2 b6 8.
Bf4 Bb7 9. e3 d5 10. h3 Nc6 11. cxd5 exd5 12. Bb5 a6 13. Ba4 b5 14. Bc2 c4
15. a3 O-O 16. O-O Ne4 17. Bxe4 dxe4 18. Ne5 Nxe5 19. Bxe5 f6 20. Bf4 Re8
21. Qg4 Bc8 22. Qg6 Kh8 23. f3 Bb7 24. Kh2 Bd5 25. Qg3 Ra7 26. Qf2 g5 27.
Bg3 Rf7 28. a4 Qe7 29. f4 Ref8 30. f5 h5 31. Kg1 h4 32. Bh2 Rh7 33. axb5
axb5 34. Rab1 Bc6 35. Rfd1 Rg8 36. d5 Bd7 37. d6 Qg7 38. g4 hxg3 39. Bxg3
Rxh3 40. Kg2 g4 41. Rh1 Qh7 42. Rbf1 Kg7 43. Rxh3 gxh3+ 44. Kh2 Kf7 45. Qf4
Re8 46. Qg4 Ra8 47. Rf2 Re8 48. Qxh3 Rh8 49. Qxh7+ Rxh7+ 50. Kg2 Rh5 51. Ra2
Rxf5 52. Rf2 Rxf2+ 53. Kxf2 Ke6 54. Ke2 Kd5 55. Kd2 Kc5 56. Bf4 b4 57. cxb4+
Kxb4 58. Kc2 Ba4+ 59. Kb2 c3+ 60. Kc1 Kc4 61. Bh6 Kd3 62. Bf4
{Game drawn by mutual agreement}
1/2-1/2

[Event "ICC tourney 3341 (40 10)"]
[Site "Internet Chess Club"]
[Date "2023.12.09"]
[Round "3"]
[White "Ryerson, Olivia:oliviaryerson"]
[Black "WU, TERRAIN:Brainstormer"]
[Result "1-0"]
[ICCResult "Black checkmated"]
[WhiteElo "1361"]
[BlackElo "1449"]
[Opening "Queen's pawn, Mason variation, Steinitz counter-gambit"]
[ECO "D00"]
[NIC "QP.08"]
[Time "15:29:48"]
[PlyCount "131"]
[TimeControl "2400+10"]

1. d4 d5 2. Bf4 c5 3. e3 Nc6 4. Bb5 a6 5. Bxc6+ bxc6 6. c3 Nf6 7. Nf3 e6 8.
Nbd2 Be7 9. Ne5 Qb6 10. Qb3 Rb8 11. Nxc6 Qxb3 12. axb3 Rb7 13. Rxa6 O-O 14.
Nxe7+ Rxe7 15. Rc6 Ra7 16. O-O cxd4 17. cxd4 Bd7 18. Rc2 Bb5 19. Rfc1 Nd7
20. h3 Bd3 21. Rc8 h6 22. Rxf8+ Nxf8 23. Rc8 Rd7 24. Rc7 f6 25. Rxd7 Nxd7
26. Bd6 Kf7 27. f3 e5 28. dxe5 fxe5 29. f4 e4 30. Kf2 Ke6 31. Ba3 g6 32. g4
Bc2 33. Ke2 Bd3+ 34. Kd1 Kf7 35. b4 Ke8 36. Nb3 Bf1 37. h4 Bb5 38. Nd4 Bc4
39. Kc2 Nb6 40. b3 Bd3+ 41. Kc3 Nd7 42. b5 Nb6 43. Kb4 Kd7 44. Kc5 Kc7 45.
Ne6+ Kb7 46. Bb2 Be2 47. g5 h5 48. Nf8 Bg4 49. Nxg6 Bf5 50. Ne7 Be6 51. g6
Kc7 52. g7 Nd7+ 53. Kb4 Kb6 54. g8=Q Bxg8 55. Nxg8 Nc5 56. Bd4 Kb7 57. Kxc5
Kc7 58. b6+ Kb7 59. Kxd5 Ka6 60. f5 Kb7 61. f6 Kc8 62. f7 Kb8 63. f8=Q+ Kb7
64. Qe7+ Ka6 65. Qa7+ Kb5 66. Qa4# {Black checkmated} 1-0

[Event "ICC tourney 3341 (40 10)"]
[Site "Internet Chess Club"]
[Date "2023.12.09"]
[Round "3"]
[White "Bronshtein, Marc:MarcBronshtein"]
[Black "TRIPATHY, SIDDHARTH KESHAV:Sid907"]
[Result "1-0"]
[ICCResult "Black checkmated"]
[WhiteElo "1497"]
[BlackElo "1475"]
[Opening "QGD: exchange, positional line"]
[ECO "D35"]
[NIC "QO.16"]
[Time "15:31:00"]
[PlyCount "81"]
[TimeControl "2400+10"]

1. d4 d5 2. c4 e6 3. Nc3 Nf6 4. cxd5 exd5 5. Bg5 Nbd7 6. e3 c6 7. Qc2 Be7 8.
Bd3 h6 9. Bh4 Nb8 10. Nge2 O-O 11. O-O Nbd7 12. f3 Re8 13. Bf2 Nf8 14. Rad1
Bd6 15. e4 dxe4 16. fxe4 Bb8 17. h3 Be6 18. e5 Nd5 19. Nxd5 Bxd5 20. Nc3 Be6
21. Be3 Nd7 22. Rf3 Qe7 23. Rg3 Kh8 24. Qe2 Qf8 25. Rf1 Bc7 26. Qh5 Bd8 27.
Rxg7 Qxg7 28. Bxh6 Kg8 29. Bxg7 Kxg7 30. Qh7+ Kf8 31. Qh8+ Ke7 32. Qh4+ Kf8
33. Qh6+ Ke7 34. Rxf7+ Kxf7 35. Bg6+ Kg8 36. Qh7+ Kf8 37. Qh8+ Bg8 38. Qh6+
Ke7 39. Qg7+ Ke6 40. Bf5+ Kxf5 41. Qg4# {Black checkmated} 1-0

[Event "ICC tourney 3341 (40 10)"]
[Site "Internet Chess Club"]
[Date "2023.12.09"]
[Round "3"]
[White "Senthil, Aakash:cricketking"]
[Black "SANGAL LOPEZ, DEV:devsl"]
[Result "0-1"]
[ICCResult "White resigns"]
[WhiteElo "1064"]
[BlackElo "1191"]
[Opening "Scotch game"]
[ECO "C45"]
[NIC "SO.05"]
[Time "15:29:53"]
[PlyCount "126"]
[TimeControl "2400+10"]

1. e4 e5 2. Nf3 Nc6 3. d4 exd4 4. Nxd4 Bc5 5. Be3 Bb6 6. Nxc6 bxc6 7. Bxb6
cxb6 8. Nc3 Ne7 9. Bd3 Bb7 10. O-O Qc7 11. Qg4 O-O 12. f4 d5 13. exd5 cxd5
14. Rae1 Rfe8 15. Ne2 Qc5+ 16. Kh1 d4 17. Ng3 f5 18. Qh3 g6 19. Re5 Qc6 20.
Rfe1 Nd5 21. Rxe8+ Rxe8 22. Rxe8+ Qxe8 23. Bc4 Kg7 24. Qh4 Ne3 25. Bf1 Nxg2
26. Nxf5+ gxf5 27. Bxg2 Bxg2+ 28. Kxg2 Qe2+ 29. Qf2 Qe4+ 30. Kg1 Kf7 31. Qh4
Qe3+ 32. Kg2 Qe2+ 33. Kg1 Qg4+ 34. Qxg4 fxg4 35. Kf2 Kf6 36. Kg3 Kf5 37. b3
b5 38. a3 a6 39. b4 h6 40. Kf2 Kxf4 41. Ke2 g3 42. hxg3+ Kxg3 43. Kd3 h5 44.
Kxd4 h4 45. Kc5 h3 46. Kb6 h2 47. Kxa6 h1=Q 48. Kxb5 Kf4 49. c4 Qf3 50. a4
Ke5 51. a5 Qb7+ 52. Kc5 Qc7+ 53. Kb5 Kd6 54. c5+ Kd7 55. a6 Qc6+ 56. Ka5 Kc7
57. a7 Kb7 58. a8=Q+ Kxa8 59. b5 Qxc5 60. Ka6 Kb8 61. b6 Qa3+ 62. Kb5 Kb7
63. Kc4 Kxb6 {White resigns} 0-1

[Event "ICC tourney 3341 (40 10)"]
[Site "Internet Chess Club"]
[Date "2023.12.09"]
[Round "3"]
[White "GAW, CHRISTIAN:cman-g"]
[Black "Dhanasekaran, Neha:SplashDolphin"]
[Result "0-1"]
[ICCResult "White checkmated"]
[WhiteElo "1065"]
[BlackElo "1066"]
[Opening "Giuoco Pianissimo"]
[ECO "C50"]
[NIC "IG.02"]
[Time "15:29:47"]
[PlyCount "142"]
[TimeControl "2400+10"]

1. e4 e5 2. Nf3 Nc6 3. Bc4 Bc5 4. d3 h6 5. c3 Nf6 6. b4 Bb6 7. b5 Ne7 8.
Nxe5 O-O 9. O-O d6 10. Nf3 Ng6 11. h3 Nh5 12. Nd4 Ngf4 13. Bxf4 Nxf4 14. Nf5
Qg5 15. Qg4 g6 16. Qxg5 hxg5 17. Ne7+ Kg7 18. Nxc8 Raxc8 19. Re1 Rfe8 20.
Nd2 Re7 21. Nf3 Rce8 22. a4 Ba5 23. Rac1 Ne6 24. Bxe6 Rxe6 25. Re2 d5 26.
Nxg5 R6e7 27. Kf1 f6 28. Nf3 dxe4 29. dxe4 Rxe4 30. Rxe4 Rxe4 31. Nd4 c5 32.
bxc6 bxc6 33. Nxc6 Rxa4 34. Nxa5 Rxa5 35. Ke2 a6 36. Kd3 Ra2 37. Ke3 a5 38.
c4 a4 39. c5 Ra3+ 40. Kd4 Rb3 41. c6 Rb8 42. Kd5 a3 43. Kd6 a2 44. Ra1 Rb2
45. c7 Rd2+ 46. Ke7 Re2+ 47. Kd7 Rd2+ 48. Kc8 Rxf2 49. Rd1 Rb2 50. Ra1 Rxg2
51. Rd1 Rb2 52. Ra1 f5 53. Kd7 Rd2+ 54. Kc8 f4 55. Kb8 Rb2+ 56. Kc8 f3 57.
Rd1 Rb1 58. Rd7+ Kh6 59. Kd8 Rc1 60. c8=Q Rxc8+ 61. Kxc8 a1=Q 62. Kd8 f2 63.
Rf7 Qa8+ 64. Kd7 Qb7+ 65. Ke6 Qxf7+ 66. Kxf7 f1=Q+ 67. Ke7 Qa6 68. Kf7 Qd6
69. Ke8 Qc7 70. Kf8 Qd7 71. Kg8 Qg7# {White checkmated} 0-1

[Event "ICC tourney 3341 (40 10)"]
[Site "Internet Chess Club"]
[Date "2023.12.09"]
[Round "4"]
[White "Ryerson, Olivia:oliviaryerson"]
[Black "Bronshtein, Marc:MarcBronshtein"]
[Result "0-1"]
[ICCResult "White checkmated"]
[WhiteElo "1361"]
[BlackElo "1497"]
[Opening "Queen's pawn, Mason variation"]
[ECO "D00"]
[NIC "QP.08"]
[Time "17:46:12"]
[PlyCount "92"]
[TimeControl "2400+10"]

1. d4 d5 2. Bf4 Nf6 3. e3 Bf5 4. Nf3 e6 5. Be2 c5 6. Ne5 Nfd7 7. g4 Be4 8.
f3 Bg6 9. h4 Nxe5 10. Bxe5 h5 11. g5 Nc6 12. Bd3 cxd4 13. exd4 Nxe5 14. dxe5
Qb6 15. Bxg6 Qxb2 16. Bxf7+ Kxf7 17. Nd2 Qxe5+ 18. Kf1 Bd6 19. Qe1 Qxe1+ 20.
Rxe1 Rac8 21. g6+ Ke7 22. Rc1 Ba3 23. Rb1 b6 24. c4 dxc4 25. Ne4 c3 26. Ke2
c2 27. Rbc1 Bxc1 28. Rxc1 Rhd8 29. Nd2 Rd4 30. Nb3 Rxh4 31. Kd2 Kf6 32. Rxc2
Rh2+ 33. Kd1 Rcxc2 34. a4 Rcg2 35. Nd2 Rg1+ 36. Kc2 Rgg2 37. Kc3 Rxd2 38.
Kc4 Rc2+ 39. Kb5 Kxg6 40. Ka6 Ra2 41. Kxa7 Rxa4+ 42. Kxb6 Kf5 43. Kc6 Rc2+
44. Kd6 Rd4+ 45. Ke7 Rc7+ 46. Kf8 Rd8# {White checkmated} 0-1

[Event "ICC tourney 3341 (40 10)"]
[Site "Internet Chess Club"]
[Date "2023.12.09"]
[Round "4"]
[White "Dhanasekaran, Neha:SplashDolphin"]
[Black "TRIPATHY, SIDDHARTH KESHAV:Sid907"]
[Result "0-1"]
[ICCResult "White checkmated"]
[WhiteElo "1066"]
[BlackElo "1475"]
[Opening "Sicilian: Najdorf, Byrne (English) attack"]
[ECO "B90"]
[NIC "SI.14"]
[Time "17:45:15"]
[PlyCount "96"]
[TimeControl "2400+10"]

1. e4 c5 2. Nf3 d6 3. d4 cxd4 4. Nxd4 Nf6 5. Nc3 a6 6. Be3 Nc6 7. Be2 g6 8.
O-O Bg7 9. Qd2 O-O 10. Bh6 Nxd4 11. Bxg7 Nxe2+ 12. Qxe2 Kxg7 13. Rad1 Bg4
14. f3 Bd7 15. Qf2 Qc7 16. Qh4 Qb6+ 17. Kh1 Qxb2 18. Nd5 Nxd5 19. Rxd5 Qf6
20. Qxf6+ exf6 21. Rxd6 Be6 22. Rb1 Rad8 23. Rxd8 Rxd8 24. h3 b5 25. a3 Rd2
26. c3 Rc2 27. Ra1 Rxc3 28. a4 b4 29. Kg1 b3 30. Kf2 b2 31. Rb1 Rc2+ 32. Ke3
Ba2 33. Rd1 Rc1 34. Rxc1 bxc1=Q+ 35. Kf2 Qa3 36. Kg3 Qxa4 37. Kf2 Qb4 38.
Kg3 Be6 39. Kh2 a5 40. Kg1 a4 41. Kf2 a3 42. Kg3 a2 43. Kh2 a1=Q 44. Kg3
Qe5+ 45. Kf2 Qbb2+ 46. Kg1 Qg3 47. Kf1 Qgxg2+ 48. Ke1 Qg1# {White
checkmated} 0-1

[Event "ICC tourney 3341 (40 10)"]
[Site "Internet Chess Club"]
[Date "2023.12.09"]
[Round "4"]
[White "GAW, CHRISTIAN:cman-g"]
[Black "WU, TERRAIN:Brainstormer"]
[Result "1-0"]
[ICCResult "Black checkmated"]
[WhiteElo "1065"]
[BlackElo "1449"]
[Opening "Sicilian: Sozin, not Scheveningen"]
[ECO "B57"]
[NIC "SI.31"]
[Time "17:45:17"]
[PlyCount "173"]
[TimeControl "2400+10"]

1. e4 c5 2. Nf3 Nc6 3. Bc4 d6 4. d4 cxd4 5. Nxd4 Nf6 6. Nc3 g6 7. Nxc6 bxc6
8. h3 Bg7 9. O-O O-O 10. Be3 e6 11. Qd2 d5 12. exd5 cxd5 13. Bb3 Ba6 14.
Rfe1 e5 15. Nxd5 Ne4 16. Qb4 Nf6 17. Nxf6+ Qxf6 18. Qg4 Bc8 19. Qg5 Qxg5 20.
Bxg5 Bf5 21. Rad1 Rfe8 22. c3 Be6 23. Bxe6 Rxe6 24. Rd7 h6 25. Be3 a6 26.
Red1 Rb8 27. Rd8+ Rxd8 28. Rxd8+ Kh7 29. Kf1 Bf6 30. Rd7 Kg7 31. Ke2 Re8 32.
Kd3 Rb8 33. b3 Bg5 34. Bxg5 hxg5 35. Ke4 Kf6 36. Rd6+ Ke7 37. Rxa6 f6 38. b4
Rb5 39. Ra5 f5+ 40. Kd3 e4+ 41. Ke3 Rb6 42. Rd5 Rc6 43. Kd2 Ra6 44. Ra5 Rd6+
45. Ke2 Rc6 46. Ra3 Kd6 47. Rb3 Rb6 48. c4 Kc6 49. c5 Rb5 50. Ke3 Kd5 51. a4
f4+ 52. Kd2 Rb7 53. a5 Kc6 54. g3 Rd7+ 55. Ke2 Kb5 56. gxf4 gxf4 57. Rb1 Rd3
58. Rg1 f3+ 59. Ke1 Rb3 60. Rxg6 Rxb4 61. c6 Kxa5 62. Kd2 Rc4 63. Ke3 Kb6
64. h4 Rc5 65. Kf4 Kc7 66. Kxe4 Rc4+ 67. Kxf3 Rxh4 68. Ke3 Rh5 69. f4 Rc5
70. Ke4 Rxc6 71. Rxc6+ Kxc6 72. Ke5 Kd7 73. Kd5 Ke7 74. Ke5 Kf7 75. Kf5 Kg7
76. Ke6 Kf8 77. f5 Ke8 78. f6 Kf8 79. f7 Kg7 80. Ke7 Kg6 81. f8=Q Kg5 82.
Qf3 Kg6 83. Qf4 Kg7 84. Qf6+ Kh7 85. Qg5 Kh8 86. Kf8 Kh7 87. Qh5#
{Black checkmated}
1-0

[Event "ICC tourney 3341 (40 10)"]
[Site "Internet Chess Club"]
[Date "2023.12.09"]
[Round "4"]
[White "SANGAL LOPEZ, DEV:devsl"]
[Black "GAW, ZACHARY:zman-g"]
[Result "1-0"]
[ICCResult "Black checkmated"]
[WhiteElo "1191"]
[BlackElo "1169"]
[Opening "Scotch gambit"]
[ECO "C44"]
[NIC "SO.06"]
[Time "17:45:48"]
[PlyCount "73"]
[TimeControl "2400+10"]

1. e4 e5 2. Nf3 Nc6 3. d4 exd4 4. Bc4 Bc5 5. Ng5 Ne5 6. Bb3 c6 7. f4 h6 8.
fxe5 hxg5 9. Qf3 f6 10. Bxg5 Qe7 11. exf6 gxf6 12. Bxg8 fxg5 13. Bb3 Qf8 14.
Nd2 Bb4 15. O-O-O Bxd2+ 16. Rxd2 Qxf3 17. gxf3 Rf8 18. Rg2 Rxf3 19. Rxg5 d3
20. h4 dxc2 21. h5 Rf8 22. h6 d5 23. h7 Ke7 24. h8=Q Be6 25. Qg7+ Rf7 26.
Qg6 Raf8 27. Rh7 Rxh7 28. Qxh7+ Kd6 29. e5+ Kc5 30. Qe7+ Kb6 31. Qxf8 Ka6
32. Qc5 b6 33. Qxc6 Bf7 34. Rg4 d4 35. Rxd4 Bxb3 36. axb3 Ka5 37. Ra4#
{Black checkmated}
1-0

[Event "ICC tourney 3341 (40 10)"]
[Site "Internet Chess Club"]
[Date "2023.12.09"]
[Round "5"]
[White "TRIPATHY, SIDDHARTH KESHAV:Sid907"]
[Black "SANGAL LOPEZ, DEV:devsl"]
[Result "1/2-1/2"]
[ICCResult "Game drawn by repetition"]
[WhiteElo "1475"]
[BlackElo "1191"]
[Opening "Four knights: Spanish variation"]
[ECO "C48"]
[NIC "KP.03"]
[Time "20:00:36"]
[PlyCount "132"]
[TimeControl "2400+10"]

1. e4 e5 2. Nf3 Nc6 3. Nc3 Nf6 4. Bb5 d6 5. O-O Bd7 6. Bc4 Be7 7. d4 exd4 8.
Nxd4 O-O 9. h3 a6 10. a4 Ne5 11. Bb3 c5 12. Nf3 Bc6 13. Qe2 b5 14. axb5 axb5
15. Rxa8 Nxf3+ 16. Qxf3 Qxa8 17. Nd5 Bxd5 18. Bxd5 Nxd5 19. exd5 Bf6 20. b3
Re8 21. Bf4 Be5 22. Bxe5 Rxe5 23. c4 bxc4 24. bxc4 Qa4 25. Rb1 g6 26. Qc3 h6
27. Rb8+ Kh7 28. Rb1 Qe8 29. Kf1 Qe7 30. Re1 f6 31. Rxe5 fxe5 32. Ke2 Kg7
33. f4 Kf6 34. Ke3 g5 35. fxg5+ hxg5 36. Qe1 Kg6 37. g3 Qb7 38. Qc3 Qd7 39.
Qd3+ Qf5 40. Qxf5+ Kxf5 41. g4+ Kf6 42. Ke4 Kg6 43. Ke3 Kf6 44. Ke4 Kg6 45.
Kd3 Kf6 46. Ke4 Kg6 47. Kf3 Kf6 48. Ke4 Kg6 49. Ke3 Kf6 50. Kd3 Kg6 51. Ke4
Kf6 52. Ke3 Kg6 53. Kd3 Kf6 54. Ke4 Kg6 55. Ke3 Kf6 56. Ke4 Kg6 57. Kf3 Kf6
58. Ke3 Kg6 59. Ke4 Kf6 60. Kd3 Kg6 61. Ke4 Kf6 62. Ke3 Kg6 63. Ke4 Kf6 64.
Kf3 Kg6 65. Ke3 Kf6 66. Kd3 Kg6 {Game drawn by repetition} 1/2-1/2